 Dungeon Crawl Stone Soup version 0.26-a0-501-g57170428f2 (webtiles) character file.

Game seed: 14832986727706770893

2636 KristoblXynda the Covert (level 9, -1/63 HPs)
             Began as a Vampire Gladiator on Aug 7, 2020.
             Slain by a crocodile (7 damage)
             ... on level 7 of the Dungeon.
             The game lasted 00:11:01 (7455 turns).

KristoblXynda the Covert (Vampire Gladiator)        Turns: 7455, Time: 00:11:01

Health: -1/63      AC: 11    Str: 14    XL:     9   Next: 35%
Magic:  9/9        EV: 15    Int: 19    God:
Gold:   211        SH:  5    Dex: 15    Spells: 8/8 levels left

rFire    . . .     SeeInvis +   k - +2 dagger (venom)
rCold    . . .     Faith    .   j - +0 buckler
rNeg     . . .     Spirit   .   B - +0 ring mail (curse)
rPois    .         Reflect  .   c - +0 helmet
rElec    .         Harm     .   G - +2 cloak
rCorr    .                      s - +0 pair of gloves
MR       +....                  x - +0 pair of boots
Stlth    ++++......             (no amulet)
HPRegen  0.40/turn              t - +6 ring of intelligence
MPRegen  0.11/turn              e - ring of protection from magic

@: regenerating quickly
A: fangs 3, see invisible, unbreathing
a: Exsanguinate


You were on level 7 of the Dungeon.
You visited 2 branches of the dungeon, and saw 9 of its levels.

You collected 491 gold pieces.
You spent 280 gold pieces at shops.

Inventory:

Hand Weapons
 a - a +0 long sword
 k - a +2 dagger of venom (weapon)
Missiles
 d - 3 throwing nets (quivered)
Armour
 c - a +0 helmet (worn)
 j - a +0 buckler (worn)
 q - a scarf of resistance
 s - a +0 pair of gloves (worn)
 x - a +0 pair of boots (worn)
 B - a cursed +0 ring mail (worn)
 G - a +2 cloak (worn)
Jewellery
 e - a ring of protection from magic (right hand)
 t - a +6 ring of intelligence (left hand)
Wands
 y - a wand of enslavement (9)
 F - a wand of digging (4)
 I - a wand of flame (7)
Scrolls
 h - a scroll of remove curse
 m - 2 scrolls of immolation {unknown}
 n - 2 scrolls of teleportation {unknown}
 o - 2 scrolls of blinking {unknown}
 r - 2 scrolls of enchant weapon {unknown}
 u - 2 scrolls of noise {unknown}
 C - a scroll of magic mapping {unknown}
 H - a scroll of identify
Potions
 b - a potion of invisibility
 f - a potion of resistance {unknown}
 g - 3 potions of heal wounds
 i - a potion of berserk rage {unknown}
 l - 2 potions of flight
 p - a potion of might
 v - a potion of cancellation {unknown}
 w - a potion of curing
 z - a potion of lignification
 A - 2 potions of mutation
 D - a potion of ambrosia {unknown}
 E - 2 potions of brilliance {unknown}
 J - a potion of haste {unknown}


   Skills:
 - Level 3.1 Fighting
 + Level 7.0 Long Blades
 - Level 2.0 Throwing
 + Level 1.4 Armour
 + Level 7.8 Dodging
 + Level 9.4 Stealth
 - Level 4.5 Shields


You had 8 spell levels left.
You didn't know any spells.
Your spell library was empty.

Dungeon Overview and Level Annotations

Branches:
Dungeon (8/15)             Temple (1/1) D:7            Lair (0/6) D:8

Altars:
Dithmenos
Elyvilon
Gozag
Hepliaklqana
Kikubaaqudgha
Makhleb
Okawaru
Qazlal
Ru
Sif Muna
Trog
Uskayaw
Vehumet
Wu Jian
Xom
Yredelemnul
Zin
The Shining One

Shops:
D:5 [![(*

Annotations:
D:5 1 runed translucent door, Infinimo's ghost, novice HOFi


Innate Abilities, Weirdness & Mutations

Your natural rate of healing is unusually fast.
You have razor-sharp teeth.
You have supernaturally acute eyesight. (SInv)
You can survive without breathing.


Message History

You closely miss the hound. You bite the hound.
The hound is lightly wounded.
The hound completely misses you.
You barely miss the hound.
The hound is lightly wounded.
You block the hound's attack. The hound misses you.
You hit the crocodile.
The crocodile is poisoned.
Your bite misses the crocodile.
The crocodile is lightly wounded.
The hound pauses to sniff the ground.
The crocodile misses you.
You closely miss the crocodile.
The crocodile is lightly wounded.
The crocodile bites you!
* * * LOW HITPOINT WARNING * * *
You hit the crocodile.
The crocodile looks as sick as possible!
The crocodile is lightly wounded.
The crocodile bites you!
You die...

..)....# #.)...#.#..........
.......# #.....<...........[
.......#
##########......#+####..
.......# #......# #.##.#...#
#.. .......# #......#
#.##.##..# #.# .......#
#......# #.##.)...####.#
.......# #......#
#..[).........# .......#
#......#########)......#
..)....#
#......@th....[.........
.......#
#......##).......>...#..
.......#
#......##.......####.#..
##########......##.......#
##.##. #...........##.......#
#..... #...........##.......#
#..##. #.......##.###########
#..##.
#.......##.#############..##.
#.......##.............#..###


You could see a crocodile (extremely poisoned) and a hound.

Vanquished Creatures
  2 hippogriffs (D:7)
  A black bear (D:7)
  An ogre (D:7)
  4 orc warriors
  A phantom (D:4)
  A centaur (D:6)
  A bullfrog (D:7)
  A gnoll sergeant (D:7)
  2 scorpions
  6 killer bees (D:8)
  2 howler monkeys (D:7)
  A bullfrog skeleton (D:7)
  6 orc priests
  3 hounds
  2 centaur skeletons
  Crazy Yiuf (D:6)
  Natasha (D:2)
  3 orc wizards
  6 worker ants
  Robin (D:3)
  9 gnolls
  8 adders
  A shadow imp (D:8)
  2 white imps
  An ufetubus (D:7)
  An ooze (D:2)
  4 adder zombies
  2 adder skeletons
  A dart slug (D:1)
  2 worms (D:2)
  5 leopard geckos
  38 orcs
  2 ball pythons
  4 giant cockroaches
  10 goblins
  8 hobgoblins
  12 jackals
  2 quokkas
  4 bats
  4 frilled lizards
  4 kobolds
  7 rats
  A spectral orc (D:8)
178 creatures vanquished.

Vanquished Creatures (others)
  2 fungi (D:8)
  5 plants (D:8)
7 creatures vanquished.

Grand Total: 185 creatures vanquished

Notes
Turn   | Place    | Note
-------+----------+-------------------------------------------
     0 | D:1      | KristoblXynda the Vampire Gladiator began the quest for the
                  | Orb.
     0 | D:1      | Reached XP level 1. HP: 16/16 MP: 1/1
   296 | D:1      | Reached XP level 2. HP: 22/22 MP: 2/2
   866 | D:2      | Reached XP level 3. HP: 27/27 MP: 3/3
  1116 | D:2      | Reached skill level 1 in Stealth
  1212 | D:2      | Noticed Natasha
  1217 | D:2      | Killed Natasha
  1217 | D:2      | Reached XP level 4. HP: 20/34 MP: 4/4
  1494 | D:2      | Found a hide-covered altar of Uskayaw.
  1494 | D:2      | Noticed a +0 hand axe
  1495 | D:2      | Noticed a +0 dagger
  1783 | D:3      | Found a burning altar of Makhleb.
  1846 | D:3      | Reached skill level 2 in Stealth
  1880 | D:3      | Noticed Robin
  1907 | D:3      | Killed Robin
  1910 | D:3      | Reached XP level 5. HP: 26/39 MP: 5/5
  2551 | D:4      | Noticed a phantom
  2570 | D:4      | Killed a phantom
  2570 | D:4      | Reached skill level 3 in Stealth
  2687 | D:4      | Reached XP level 6. HP: 43/47 MP: 6/6
  2819 | D:4      | Reached skill level 4 in Stealth
  3019 | D:4      | Found a bloodstained altar of Trog.
  3022 | D:4      | Reached skill level 5 in Dodging
  3022 | D:4      | Reached skill level 1 in Shields
  3519 | D:5      | Entered Level 5 of the Dungeon
  3549 | D:5      | Found Tooqitie's Antique Armour Emporium.
  3581 | D:5      | Found Firphias's Distillery.
  3586 | D:5      | Noticed an orc warrior
  3595 | D:5      | Bought a shiny ring mail for 210 gold pieces
  3734 | D:5      | Found an ornate altar of the Wu Jian Council.
  3746 | D:5      | Reached XP level 7. HP: 46/52 MP: 7/7
  3817 | D:5      | Found Goesoe's Antique Weapon Shoppe.
  3829 | D:5      | Reached skill level 5 in Stealth
  3842 | D:5      | Bought a potion of heal wounds for 70 gold pieces
  3866 | D:5      | Found a runed translucent door.
  3866 | D:5      | Noticed Infinimo's ghost (novice HOFi)
  4005 | D:5      | Reached skill level 5 in Long Blades
  4139 | D:5      | Found Lumil's General Store.
  4309 | D:5      | Reached skill level 6 in Stealth
  4549 | D:5      | Found Pomiwy's Antique Armour Boutique.
  4985 | D:6      | Reached XP level 8. HP: 44/58 MP: 8/8
  5087 | D:6      | Found a runed translucent door.
  5088 | D:6      | Noticed Crazy Yiuf
  5335 | D:6      | Found an opulent altar of Gozag.
  5387 | D:6      | Found a shadowy altar of Dithmenos.
  5733 | D:6      | Killed Crazy Yiuf
  5805 | D:7      | Reached skill level 7 in Stealth
  5813 | D:7      | Found a stormy altar of Qazlal.
  5946 | D:7      | Found a sacrificial altar of Ru.
  6115 | D:7      | Noticed a hippogriff
  6127 | D:7      | Killed a hippogriff
  6127 | D:7      | Reached skill level 8 in Stealth
  6303 | D:7      | Noticed a hippogriff
  6473 | D:7      | Killed a hippogriff
  6473 | D:7      | Reached XP level 9. HP: 33/63 MP: 9/9
  6598 | D:7      | Reached skill level 9 in Stealth
  6605 | D:7      | Found a staircase to the Ecumenical Temple.
  6616 | Temple   | Entered the Ecumenical Temple
  7094 | D:8      | Found a basalt altar of Yredelemnul.
  7177 | D:8      | Reached skill level 1 in Armour
  7420 | D:8      | Found a staircase to the Lair.
  7455 | D:7      | Slain by a crocodile

Illustrated notes

Levels and vault maps discovered:
D:1:      dpeg_arrival_rhombi, layout_basic, minmay_small_reverse_x
D:2:      minmay_general_purpose_star, layout_basic, dancing_weapons_uskayaw,
          uniq_natasha
D:3:      layout_basic, bloody_makhleb, kennysheep_generic_room_6, uniq_robin
D:4:      layout_basic, bloody_trog
D:5:      layout_cave_pods, nicolae_overflow_crystal_walls,
          gammafunk_ghost_grave, serial_shops, shop, nicolae_shop_crystal,
          nicolae_shop_stone, shop, shop
D:6:      layout_loops_corners, nicolae_gozag_cash_rules_everything_around_me,
          grunt_dithmenos_smoke, glass_columns_b, minmay_misc_feat_nine_boxes,
          uniq_crazy_yiuf_cottage
D:7:      layout_basic, lemuel_coloured_pillars_altar,
          overflow_temple_1_default, minmay_temple_entry_overgrown
D:8:      layout_basic, nemelex_xobeh_ov_fountains_minmay,
          yredelemnul_forgotten_temple_becter, minmay_lair_entry_grove
Temple:   nicolae_temple_figure_zero

Skill      XL: |  1  2  3  4  5  6  7  8  9 |
---------------+----------------------------+-----
Fighting       | 2 3 |  3.1
Throwing       | 2 |  2.0
Stealth        | 1 2 3 4 6 8 9 |  9.4
Dodging        | 4 5 6 7 |  7.8
Long Blades    | 4 5 6 7 |  7.0
Shields        | 1 2 4 |  4.5
Armour         | 1 |  1.4

Action                   |  1- 3 |  4- 6 |  7- 9 || total
-------------------------+-------+-------+-------++-------
Melee: Long sword        |    44 |    12 |       ||    56
       Bite              |    14 |    27 |    44 ||    85
       Dagger            |    40 |   217 |   428 ||   685
  Use: Scroll            |       |     5 |     2 ||     7
       Potion            |       |       |     1 ||     1
 Stab: Sleeping          |     3 |     2 |     9 ||    14
       Distracted        |     1 |       |       ||     1
Armor: Leather armour    |    20 |     3 |       ||    23
       Ring mail         |       |    45 |   109 ||   154
Dodge: Dodged            |    54 |   120 |   300 ||   474
Block: Buckler           |       |     2 |   115 ||   117
       Rpst.: Long sword |     8 |     4 |       ||    12

Table legend: (Time is in decaauts)
 A = Elapsed time spent in this place.
 B = Non-inter-level travel time spent in this place.
 C = Inter-level travel time spent in this place.
 D = Time resting spent in this place.
 E = Time spent auto-exploring this place.
 F = Levels seen in this place.
 G = Mean time per level.
                   A        B        C        D        E       F      G
               +--------+--------+--------+--------+--------+-----+--------+
         Total |   7347 |   7034 |    313 |    948 |   4334 |   9 |  816.3 |
       Dungeon |   7227 |   6923 |    304 |    948 |   4227 |   8 |  903.4 |
        Temple |    120 |    111 |      9 |      0 |    107 |   1 |  120.0 |
               +--------+--------+--------+--------+--------+-----+--------+

Top non-repeatable levels by time:
     D:7: 1212 daAuts
     D:4: 1202 daAuts
     D:5: 1155 daAuts
     D:6: 975 daAuts
     D:1: 844 daAuts
     D:3: 822 daAuts
     D:2: 742 daAuts
     D:8: 271 daAuts
  Temple: 120 daAuts
